 Dungeon Crawl Stone Soup version 0.16.1-11-g651b585 (webtiles) character file.

111 Kingmaron the Sneak (level 4, 0/23 HPs)
             Began as a Vine Stalker Assassin on Apr 4, 2015.
             Shot with an arrow by a centaur (6 damage)
             ... on level 4 of the Dungeon on Apr 6, 2015.
             The game lasted 00:26:13 (2293 turns).

Kingmaron the Sneak (Vine Stalker Assassin)         Turns: 2293, Time: 00:26:13

Health: 0/23       AC:  4    Str: 14    XL:     4   Next: 92%
Magic:  0/5        EV: 12    Int: 11    God:
Gold:   97         SH:  0    Dex: 16    Spells: 0 memorised, 3 levels left

rFire  . . .     SeeInvis .     a - +2 dagger
rCold  . . .     Clarity  .     h - +0 leather armour
rNeg   . . .     SustAb   .     (no shield)
rPois  .         Gourm    .     (no helmet)
rElec  .         Spirit   +     d - +0 cloak
rCorr  .         Warding  .     (no gloves)
rMut   .         Stasis   .     (no boots)
MR     .....                    t - amulet of rage
Stlth  +++.......               (no ring)
                                (no ring)

@: not resistant to hostile enchantments, fairly stealthy
A: fangs 2, regeneration 1, magic shield, antimagic bite, no device heal 3, rot
immunity
a: Evoke Berserk Rage


You were on level 4 of the Dungeon.
You were not hungry.

You visited 1 branch of the dungeon, and saw 4 of its levels.

You collected 121 gold pieces.
You spent 24 gold pieces at shops.

Inventory:

Hand weapons
 a - a +2 dagger (weapon)
 b - a +0 blowgun
 r - a +0 dagger
 s - a +0 short sword
 w - a +0 short sword
 y - a +0 dagger
 A - a +0 hunting sling
 C - a +0 club
 E - a +0 quarterstaff
Missiles
 e - 44 poisoned needles
 f - 2 curare-tipped needles
 m - 26 bolts
 v - 18 arrows
Armour
 c - a +0 robe
 d - a +0 cloak (worn)
 h - a +0 leather armour (worn)
 k - a +0 robe
 l - a +0 robe
 o - a +0 leather armour
 p - a +0 cloak
Jewellery
 t - an amulet of rage (around neck)
Scrolls
 n - 4 scrolls of identify
 u - a scroll of enchant weapon {unknown}
 x - a scroll of fear {unknown}
 B - a scroll of remove curse {unknown}
 D - a scroll of magic mapping {unknown}
 H - 2 scrolls of random uselessness {unknown}
Potions
 i - a potion of haste {unknown}
 F - a potion of invisibility {unknown}
 G - a potion of degeneration {unknown}
 I - a potion of poison {unknown}
Comestibles
 g - 2 bread rations
 j - 2 meat rations
 q - 3 beef jerkies
 z - 2 fruits


   Skills:
 + Level 2.0 Fighting
 + Level 1.8 Short Blades
 + Level 2.0 Throwing
 + Level 1.7 Armour
 + Level 2.0 Dodging
 + Level 5.7 Stealth


You had 3 spell levels left.
You didn't know any spells.

Dungeon Overview and Level Annotations

Branches:
Dungeon (4/15)
 Temple: D:4-7

Altars:
Dithmenos
Xom

Shops:
D:4 *


Innate Abilities, Weirdness & Mutations

You have extremely sharp teeth.
Your natural rate of healing is unusually fast.
When hurt, damage is shared between your health and your magic reserves.
Your bite disrupts and absorbs the magic of your enemies.
Potions and wands cannot restore your health.
You are immune to rotting.


Message History

There is an escape hatch in the floor here.
There is an entrance to Sekaek's General Store here.
You can access your shopping list by pressing '$'.
You can access your shopping list by pressing '$'.
Found 2 throwing nets.
Found a stone staircase leading up.
You see here 2 throwing nets.
You see here 2 throwing nets.
Found a stone staircase leading down.
There is a stone staircase leading down here.
Found a leather armour.
A centaur comes into view.
The centaur wields a shortbow.
The centaur shoots an arrow.
The arrow hits you.
The centaur shoots an arrow.
The arrow hits you!
The centaur shoots an arrow.
The arrow hits you!
* * * LOW HITPOINT WARNING * * *
Things that are here:
2 arrows; a leather armour The centaur shoots an arrow.
The arrow hits you!
You die...

..####..... .......#
########. .......#
..#......# .......#
#........# ##.....###
#...c....# .........#
.#........#
.........##.#........#
..........#.#........#
.._..8.._...#...@....#
............#........#
................(....#
##..........##.......#
###...###..##.......#
##### #..########.#
#.>.........#
#.########..#
##########.### #..#


You could see a centaur.

Vanquished Creatures
  A worker ant (D:4)
  5 adders
  A giant mite (D:3)
  2 adder skeletons (D:4)
  A giant gecko (D:2)
  2 ball pythons
  6 bats
  2 giant cockroaches (D:3)
  8 hobgoblins
  A quokka (D:3)
  2 giant newts
  2 goblins (D:2)
  3 kobolds
  7 rats
  A fungus (D:1)
44 creatures vanquished.

Notes
Turn   | Place    | Note
--------------------------------------------------------------
     0 | D:1      | Kingmaron, the Vine Stalker Assassin, began the quest for the Orb.
     0 | D:1      | Reached XP level 1. HP: 11/11 MP: 1/1
   210 | D:1      | Reached skill level 5 in Stealth
   272 | D:1      | Reached XP level 2. HP: 6/15 MP: 3/3
   504 | D:1      | Reached skill level 1 in Dodging
  1002 | D:2      | Reached XP level 3. HP: 18/18 MP: 4/4
  1586 | D:3      | Reached skill level 1 in Armour
  1586 | D:3      | Reached XP level 4. HP: 16/23 MP: 2/5
  1747 | D:4      | Found Sekaek's General Store.
  1833 | D:4      | Bought a scroll of identify for 24 gold pieces
  1916 | D:4      | Found a shimmering altar of Xom.
  2067 | D:4      | Found a shadowy altar of Dithmenos.
  2287 | D:4      | Noticed a centaur
  2293 | D:4      | Shot with an arrow by a centaur

Action                   |  1- 3 |  4- 6 || total
-------------------------+-------+-------++-------
Melee: Dagger            |    98 |    50 ||   148
  Use: Potion            |     1 |       ||     1
       Scroll            |       |     1 ||     1
 Stab: Sleeping          |     7 |     2 ||     9
  Eat: Bread ration      |     1 |       ||     1
